 Dungeon Crawl Stone Soup version 0.19.5 (webtiles) character file.

104 ponchio the Magician (level 4, -1/24 HPs)
             Began as a Deep Elf Conjurer on Nov 28, 2017.
             Slain by an orc wizard
             ... wielding a +0 dagger
              (5 damage)
             ... on level 3 of the Dungeon.
             The game lasted 00:06:50 (3831 turns).

ponchio the Magician (Deep Elf Conjurer)            Turns: 3831, Time: 00:06:51

Health: -1/24      AC:  2    Str: 10    XL:     4   Next: 52%
Magic:  0/14       EV: 13    Int: 21    God:
Gold:   153        SH:  0    Dex: 15    Spells: 2 memorised, 12 levels left

rFire  . . .     SeeInvis .     (no weapon)
rCold  . . .     Gourm    .     a - +0 robe
rNeg   . . .     Faith    +     (no shield)
rPois  .         Spirit   .     (no helmet)
rElec  .         Reflect  .     (no cloak)
rCorr  .         Harm     .     (no gloves)
MR     .....                    (no boots)
Stlth  ++........               n - amulet of faith
                                (no ring)
                                (no ring)

@: mighty
A: no striking features
a: no special abilities


You were on level 3 of the Dungeon.
You were near starving.

You visited 1 branch of the dungeon, and saw 3 of its levels.

You collected 153 gold pieces.

Inventory:

Armour
 a - a +0 robe (worn)
Jewellery
 n - an amulet of faith (around neck)
Scrolls
 d - 2 scrolls of identify {unknown}
 e - a scroll of remove curse {unknown}
 g - a scroll of blinking {unknown}
 i - a scroll of fear {unknown}
 j - a scroll of immolation {unknown}
 k - a scroll of enchant weapon {unknown}
 l - a scroll of magic mapping {unknown}
Potions
 f - a potion of might
 h - a potion of curing {unknown}
Books
 b - a book of Conjurations

   Spells                             Type                      Level
   a - Magic Dart                     Conjuration                  1
   b - Searing Ray                    Conjuration                  2
   c - Dazzling Spray                 Conjuration/Hexes            3
   d - Fulminant Prism                Conjuration/Hexes            4
   e - Iskenderun's Mystic Blast      Conjuration                  4
   f - Iskenderun's Battlesphere      Conjuration/Charms           5
Comestibles
 c - a bread ration
 m - 4 fruits
 o - a beef jerky


   Skills:
 - Level 2.4 Dodging
 - Level 2.4 Stealth
 + Level 6.5 Spellcasting
 - Level 4.3 Conjurations


You had 12 spell levels left.
You knew the following spells:

 Your Spells              Type           Power        Failure   Level  Hunger
a - Magic Dart            Conj           ####         1%          1    None
b - Dazzling Spray        Conj/Hex       ###...       14%         3    #......


Dungeon Overview and Level Annotations

Branches:
Dungeon (3/15)

Altars:
The Shining One


Message History

Aiming: Magic Dart
Press: ? - help, Shift-Dir - straight line, f/p - orc wizard
Aim: an orc wizard, wielding a dagger and wearing a robe (lightly wounded)
The magic dart hits the orc wizard.
The orc wizard is lightly wounded.
The orc wizard barely misses you.
Casting: Magic Dart
Confirm with . or Enter, or press ? or * to list all spells.
Aiming: Magic Dart
Press: ? - help, Shift-Dir - straight line, f/p - orc wizard
Aim: an orc wizard, wielding a dagger and wearing a robe (lightly wounded)
The magic dart hits the orc wizard.
The orc wizard is moderately wounded.
The orc wizard points at you and mumbles some strange words.
The magic dart hits you!
* * * LOW HITPOINT WARNING * * *
It was a potion of might.
You feel very mighty all of a sudden. The orc wizard hits you with a dagger.
You die...

# #. .. ###. #
.?... .##.
......#######..?.
...>...@o.....#
......###.....##o
..... #.........
.... #.......#.
.!. #..$##..# ..
#...# .# # #...#
# #...# #####


You could see an orc wizard.

Vanquished Creatures
  3 gnolls
  3 adders (D:2)
  3 worms (D:2)
  A dart slug (D:2)
  2 leopard geckos
  3 orcs (D:3)
  6 bats
  2 giant cockroaches
  4 goblins
  A hobgoblin (D:2)
  A frilled lizard (D:2)
  3 kobolds
  3 rats
35 creatures vanquished.

Notes
Turn   | Place    | Note
-------+----------+-------------------------------------------
     0 | D:1      | ponchio the Deep Elf Conjurer began the quest for the Orb.
     0 | D:1      | Reached XP level 1. HP: 10/10 MP: 6/6
   919 | D:1      | Reached XP level 2. HP: 15/15 MP: 6/8
  1270 | D:2      | Reached skill level 4 in Spellcasting
  1488 | D:2      | Reached XP level 3. HP: 14/19 MP: 4/11
  1696 | D:2      | Reached skill level 5 in Spellcasting
  1916 | D:2      | Found a glowing golden altar of the Shining One.
  2562 | D:2      | Found a glowing golden altar of the Shining One.
  3018 | D:2      | Learned a level 3 spell: Dazzling Spray
  3034 | D:2      | Reached skill level 6 in Spellcasting
  3034 | D:2      | Reached XP level 4. HP: 24/24 MP: 5/14
  3350 | D:2      | Found a glowing golden altar of the Shining One.
  3831 | D:3      | Slain by an orc wizard

Skill      XL: |  1  2  3 |
---------------+----------+-----
Spellcasting   | 4 6 |  6.5
Dodging        | |  2.4
Stealth        | |  2.4
Conjurations   | |  4.3

Action                   |  1- 3 |  4- 6 || total
-------------------------+-------+-------++-------
Melee: Unarmed           |     2 |       ||     2
 Cast: Magic Dart        |    80 |    21 ||   101
       Dazzling Spray    |       |     1 ||     1
  Use: Potion            |       |     1 ||     1
  Eat: Chunk             |     6 |     1 ||     7
Armor: Robe              |     3 |       ||     3
Dodge: Dodged            |     1 |     4 ||     5
